 Dungeon Crawl Stone Soup version 0.20-a0-9-g62d82d9 (webtiles) character file.

79 GlassEater the Ducker (level 4, -2/34 HPs)
             Began as a Merfolk Gladiator on Nov 1, 2016.
             Slain by a gnoll
             ... wielding a +0 spear
              (4 damage)
             ... on level 2 of the Dungeon.
             The game lasted 00:03:47 (2042 turns).

GlassEater the Ducker (Merfolk Gladiator)           Turns: 2042, Time: 00:03:48

Health: -2/34      AC:  4    Str: 15    XL:     4   Next: 38%
Magic:  4/4        EV: 15    Int:  7    God:
Gold:   148        SH:  0    Dex: 15    Spells: 0 memorised, 3 levels left

rFire  . . .     SeeInvis .     a - +0 trident
rCold  . . .     Gourm    .     p - +1 robe {MR+}
rNeg   . . .     Faith    .     (no shield)
rPois  .         Spirit   .     c - +0 helmet
rElec  .         Reflect  .     (no cloak)
rCorr  .         Harm     .     (no gloves)
MR     +....                    (no boots)
Stlth  +.........               (no amulet)
                                (no ring)
                                (no ring)

@: no status effects
A: change form in water, swift swim, stealthy swim
a: no special abilities


You were on level 2 of the Dungeon.
You were not hungry.

You visited 1 branch of the dungeon, and saw 2 of its levels.

You collected 148 gold pieces.

Inventory:

Hand Weapons
 a - a +0 trident (weapon)
Missiles
 d - 3 throwing nets (quivered)
 k - 110 stones
Armour
 c - a +0 helmet (worn)
 p - a +1 robe of magic resistance (worn)
Scrolls
 h - a scroll of enchant armour {unknown}
 m - 2 scrolls of remove curse
 q - 4 scrolls of teleportation {unknown}
 u - 2 scrolls of enchant weapon {unknown}
 w - a scroll of recharging {unknown}
Potions
 e - a potion of brilliance
 j - a potion of berserk rage {unknown}
 l - a potion of heal wounds
 n - a potion of mutation
 r - a potion of curing
Comestibles
 f - a bread ration
 g - 5 fruits
 i - a meat ration
 o - a slice of pizza
 s - a beef jerky


   Skills:
 + Level 2.5 Fighting
 + Level 5.5 Polearms
 - Level 2.0 Throwing
 * Level 5.7 Dodging


You had 3 spell levels left.
You didn't know any spells.

Dungeon Overview and Level Annotations

Branches:
Dungeon (2/15)

Altars:
Hepliaklqana


Message History

The gnoll closely misses you. The gnoll hits you but does no damage.
You hit the gnoll but do no damage. The gnoll misses you.
The gnoll hits you from afar with a spear.
You hit the gnoll but do no damage. The gnoll hits you with a club.
The gnoll closely misses you.
The gnoll hits you from afar with a spear.
* * * LOW HITPOINT WARNING * * *
You hit the gnoll.
The gnoll is lightly wounded.
The gnoll hits you but does no damage.
The gnoll hits you from afar with a spear.
* * * LOW HITPOINT WARNING * * *
The gnoll closely misses you.
You puncture the gnoll!
The gnoll is severely wounded.
The gnoll hits you with a club.
* * * LOW HITPOINT WARNING * * *
The gnoll barely misses you.
The gnoll hits you from afar with a spear.
You die...

#
#.#...#..........#
#
#.###.#..........#
#
#................#
#
#####.##.........#
# #.##.........#
## ##.##........[#
.# #.......ggg...#
.##
#..##.###g#####
..# #...#.# #@#
#.## #...#.###.#
#..######..#.....#
..............####
##.######..##.#
#..#......##.#
##.#.##...##.#
##.#.#.<...#.##
#....#...#.#..#


You could see 4 gnolls.

Vanquished Creatures
  2 adders (D:2)
  5 dart slugs
  2 ball pythons (D:2)
  A bat (D:1)
  3 giant cockroaches
  6 goblins
  7 hobgoblins
  6 jackals (D:1)
  4 kobolds
  A quokka (D:2)
  5 frilled lizards
  6 rats (D:1)
48 creatures vanquished.

Notes
Turn   | Place    | Note
-------+----------+-------------------------------------------
     0 | D:1      | GlassEater the Merfolk Gladiator began the quest for the Orb.
     0 | D:1      | Reached XP level 1. HP: 16/16 MP: 1/1
    48 | D:1      | Reached XP level 2. HP: 7/22 MP: 2/2
    83 | D:1      | HP: 1/22 [frilled lizard (3)]
   100 | D:1      | Reached skill level 5 in Dodging
   245 | D:1      | Reached XP level 3. HP: 10/27 MP: 3/3
   712 | D:1      | Reached skill level 5 in Polearms
  1088 | D:2      | Found a hazy altar of Hepliaklqana.
  1343 | D:2      | Reached XP level 4. HP: 16/34 MP: 4/4
  2042 | D:2      | Slain by a gnoll

Vault maps used:
D:1:      matt_arrival_los_fun, minmay_close_crescents
D:2:      old_standard_altar, first_bread

Skill      XL: |  1  2  3 |
---------------+----------+-----
Dodging        | 5 |  5.7
Polearms       | 5 |  5.5
Fighting       | |  2.5
Throwing       | |  2.0

Action                   |  1- 3 |  4- 6 || total
-------------------------+-------+-------++-------
Melee: Trident           |   125 |    28 ||   153
  Use: Scroll            |     1 |     6 ||     7
 Stab: Sleeping          |     1 |       ||     1
  Eat: Chunk             |     1 |     3 ||     4
Armor: Leather armour    |    35 |       ||    35
       Robe              |       |     3 ||     3
Dodge: Dodged            |    97 |    25 ||   122
